 Dungeon Crawl Stone Soup version 0.30-a0-1157-g2cc9ac7196 (webtiles) character file.

Game seed: 7094583062098616389

1924754 nroviw the Conqueror (level 26, 266/266 HPs)
             Began as a Minotaur Fighter on Apr 24, 2023.
             Was the Champion of Okawaru.
             Escaped with the Orb
             ... and 3 runes!
             The game lasted 02:50:07 (52717 turns).

nroviw the Conqueror (Minotaur Fighter)            Turns: 52717, Time: 02:50:08

Health: 266/266    AC: 36    Str: 35      XL:     26   Next: 39%
Magic:  25/31      EV: 18    Int:  7      God:    Okawaru [******]
Gold:   4020       SH: 28    Dex:  7 (8)  Spells: 25/25 levels left

rFire   + + .        W - +8 mithril axe "Arga" {speed, Will+}
rCold   + + .        c - +8 tower shield {reflect}
rNeg    + + +        f - +4 gold dragon scales
rPois   +            K - +1 hat "Quzok" {rC+ rCorr Int+2 Stlth+}
rElec   +            n - +1 cloak of Doroar {rPois rF+++ Regen+ Dex-5}
rCorr   +            S - +2 pair of gloves of Valiance {Rampage rElec Will+++ Int-5}
SInv    .            r - +1 pair of boots of Hisaxuol {rF- rN+++ Dex-4 Slay+5}
Will    +++++        e - amulet "Guetit" {rF- Will+ Regen+ Str+5 Int+3} Stlth
                     g - +5 ring of evasion
HPRegen 2.24/turn    M - +6 ring of dexterity
MPRegen 0.22/turn

%: random rage (3%), reflection, rampage
@: heroic, finesse-ful, heavily contaminated, glowing, studying 2 skills
A: horns 2, retaliatory headbutt, berserk 1, deformed body, deterioration 1,
screaming 1, no potion heal 1, inability to read after injury 1
0: Orb of Zot
}: 3/15 runes: serpentine, barnacled, silver
a: Renounce Religion, Heroism, Finesse, Duel


You escaped.
You worshipped Okawaru.
Okawaru was exalted by your worship.
You visited 10 branches of the dungeon, and saw 48 of its levels.
You visited 1 bazaar.
You also visited: Sewer.

You collected 8123 gold pieces.
You spent 4103 gold pieces at shops.

Inventory:

Hand Weapons
 W - the +8 mithril axe "Arga" (weapon) {speed, Will+}
   (You acquired it on level 1 of the Lair of Beasts)

   Will:      It increases your willpower.
 X - the +9 broad axe of Defiance {venom, rElec rF+++ rN+ Dex-4}
   (Okawaru gifted it to you on level 2 of the Lair of Beasts)

   Dex:       It affects your dexterity (-4).
   rF:        It renders you almost immune to fire.
   rElec:     It insulates you from electricity.
   rN:        It protects you from negative energy.
Missiles
 q - 15 silver javelins (quivered)
 T - 17 javelins
Armour
 c - a +8 tower shield of reflection (worn)
 f - +4 gold dragon scales (worn)
 n - the +1 cloak of Doroar (worn) {rPois rF+++ Regen+ Dex-5}
   (You bought it in a shop on level 1 of the Shoals)

   Dex:       It affects your dexterity (-5).
   rF:        It renders you almost immune to fire.
   rPois:     It protects you from poison.
   Regen:     It increases your rate of health regeneration.
 r - the +1 pair of boots of Hisaxuol (worn) {rF- rN+++ Dex-4 Slay+5}
   (Okawaru gifted it to you on level 5 of the Lair of Beasts)

   Dex:       It affects your dexterity (-4).
   Slay:      It affects your accuracy & damage with ranged weapons and melee
   (+5).
   rF:        It makes you vulnerable to fire.
   rN:        It renders you almost immune to negative energy.
 K - the +1 hat "Quzok" (worn) {rC+ rCorr Int+2 Stlth+}
   (Okawaru gifted it to you on level 1 of the Vaults)

   Int:       It affects your intelligence (+2).
   rC:        It protects you from cold.
   rCorr:     It protects you from acid and corrosion.
   Stlth:     It makes you more stealthy.
 S - the +2 pair of gloves of Valiance (worn) {Rampage rElec Will+++ Int-5}
   (You found it on level 12 of the Dungeon)

   Int:       It affects your intelligence (-5).
   rElec:     It insulates you from electricity.
   Rampage:   It bestows one free step when moving towards enemies.
   Will:      It greatly increases your willpower.
Jewellery
 b - a +5 ring of evasion
 e - the amulet "Guetit" (around neck) {rF- Will+ Regen+ Str+5 Int+3}
   (You acquired it on level 10 of the Dungeon)

   [amulet of regeneration]

   Str:       It affects your strength (+5).
   Int:       It affects your intelligence (+3).
   rF:        It makes you vulnerable to fire.
   Regen:     It increases your rate of health regeneration.
   Will:      It increases your willpower.
 g - a +5 ring of evasion (left hand)
 u - a +6 ring of intelligence
 A - the ring of Xuisunei {rElec rC+ Str+6 Int-4}
   (You found it on level 5 of the Vaults)

   [ring of protection from cold]

   Str:       It affects your strength (+6).
   Int:       It affects your intelligence (-4).
   rC:        It protects you from cold.
   rElec:     It insulates you from electricity.
 J - a ring of protection from cold
 M - a +6 ring of dexterity (right hand)
 O - the macabre finger necklace {Finger+ rN+}
   (You found it on level 3 of the Elven Halls)

   [amulet of nothing]

   Finger+:   It enables you to equip an extra ring.
   rN:        It protects you from negative energy.
 P - a ring of see invisible
 V - a ring of flight
Wands
 a - a wand of flame (152)
 i - a wand of paralysis (37)
 x - a wand of iceblast (48)
 I - a wand of digging (37)
 U - a wand of polymorph (14)
 Y - a wand of light (26)
Scrolls
 k - 9 scrolls of fear
 l - 7 scrolls of immolation
 s - 2 scrolls of enchant weapon
 t - 7 scrolls of blinking
 v - 26 scrolls of teleportation
 E - 14 scrolls of fog
 N - 6 scrolls of silence
 Q - a scroll of enchant armour
 R - 18 scrolls of magic mapping
Potions
 d - 7 potions of might
 h - 7 potions of lignification
 m - 4 potions of resistance
 p - 10 potions of haste
 w - 5 potions of berserk rage
 y - 5 potions of cancellation
 z - 3 potions of attraction
 B - 31 potions of curing
 C - 4 potions of ambrosia
 D - 6 potions of flight
 F - 6 potions of brilliance
 G - 7 potions of heal wounds
 H - 5 potions of invisibility
 L - 9 potions of mutation
Miscellaneous
 j - a phial of floods
 o - a tin of tremorstones (2/2)
 Z - a lightning rod (4/4)


   Skills:
 O Level 27 Fighting
 - Level 20.0(25.0) Axes
 - Level 15.0(20.0) Throwing
 O Level 27 Armour
 + Level 24.8(27) Dodging
 - Level 16.3(21.3) Shields
 - Level 13.0 Invocations
 - Level 10.0 Evocations


You had 25 spell levels left.
You didn't know any spells.
Your spell library contained the following spells:

 Spells                   Type           Power      Damage    Failure   Level
 Apportation              Tloc           0%         N/A       95%         1
 Foxfire                  Conj/Fire      0%         2x1d4     95%         1
 Freeze                   Ice            0%         1d3       95%         1
 Kiss of Death            Conj/Necr      0%         2d5       95%         1
 Necrotise                Necr           0%         1d4       95%         1
 Shock                    Conj/Air       0%         1d3       95%         1
 Slow                     Hex            0%         N/A       95%         1
 Blink                    Tloc           0%         N/A       99%         2
 Cigotuvi's Dreadful Rot  Necr/Pois/Air  0%         N/A       99%         2
 Lesser Beckoning         Tloc           0%         N/A       99%         2
 Momentum Strike          Conj/Tloc      0%         3d8       99%         2
 Poisonous Vapours        Pois/Air       0%         N/A       99%         2
 Static Discharge         Conj/Air       0%         2-2/arc   99%         2
 Sublimation of Blood     Necr           0%         N/A       99%         2
 Wereblood                Tmut           0%         N/A       99%         2
 Confusing Touch          Hex            0%         N/A       100%        3
 Dazzling Flash           Conj/Hex       0%         N/A       100%        3
 Frozen Ramparts          Ice            0%         1d1       100%        3
 Gell's Gravitas          Tloc           0%         N/A       100%        3
 Hailstorm                Conj/Ice       0%         3d3       100%        3
 Ignite Poison            Fire/Tmut/Pois 0%         N/A       100%        3
 Inner Flame              Hex/Fire       0%         N/A       100%        3
 Mephitic Cloud           Conj/Pois/Air  0%         N/A       100%        3
 Ozocubu's Armour         Ice            0%         N/A       100%        3
 Portal Projectile        Hex/Tloc       0%         N/A       100%        3
 Teleport Other           Tloc           0%         N/A       100%        3
 Vampiric Draining        Necr           0%         2d6       100%        3
 Vhi's Electric Charge    Tloc/Air       0%         N/A       100%        3
 Volatile Blastmotes      Fire/Tloc      0%         2d10      100%        3
 Airstrike                Air            0%         2d(0-16)  100%        4
 Anguish                  Hex/Necr       0%         N/A       100%        4
 Cause Fear               Hex            0%         N/A       100%        4
 Dispel Undead            Necr           0%         3d6       100%        4
 Ice Form                 Ice/Tmut       0%         N/A       100%        4
 Leda's Liquefaction      Hex/Erth       0%         N/A       100%        4
 Olgreb's Toxic Radiance  Pois           0%         N/A       100%        4
 Sticky Flame             Conj/Fire      0%         2d3       100%        4
 Agony                    Necr           0%         N/A       100%        5
 Alistair's Intoxication  Tmut/Pois      0%         N/A       100%        5
 Arcjolt                  Conj/Air       0%         1d10      100%        5
 Blade Hands              Tmut           0%         N/A       100%        5
 Borgnjor's Vile Clutch   Necr/Erth      0%         N/A       100%        5
 Fireball                 Conj/Fire      0%         3d3       100%        5
 Freezing Cloud           Conj/Ice/Air   0%         6-21      100%        5
 Irradiate                Conj/Tmut      0%         3d11      100%        5
 Lee's Rapid Deconstruct  Erth           0%         3d4*      100%        5
 Yara's Violent Unravell  Hex/Tmut       0%         3d3       100%        5
 Conjure Ball Lightning   Conj/Air       0%         3x3d6     100%        6
 Dispersal                Tloc           0%         N/A       100%        6
 Eringya's Noxious Bog    Tmut/Pois      0%         N/A       100%        6
 Plasma Beam              Fire/Air       0%         2x1d11    100%        6
 Starburst                Conj/Fire      0%         6d3       100%        6
 Statue Form              Tmut/Erth      0%         N/A       100%        6
 Dragon Form              Tmut           0%         N/A       100%        7
 Enfeeble                 Hex            0%         N/A       100%        7
 Ozocubu's Refrigeration  Ice            0%         4d7       100%        7
 Borgnjor's Revivificati  Necr           0%         N/A       100%        8
 Discord                  Hex            0%         N/A       100%        8
 Disjunction              Tloc           0%         N/A       100%        8
 Ignition                 Fire           0%         3d3       100%        8
 Maxwell's Capacitive Co  Air            0%         ∞         100%        8
 Chain Lightning          Conj/Air       0%         N/A       100%        9
 Fire Storm               Conj/Fire      0%         5d1       100%        9
 Shatter                  Erth           0%         3d5*      100%        9
 Tukima's Dance           Hex            Unusable   N/A       N/A         3
 Summon Ice Beast         Ice/Summ       Unusable   N/A       N/A         4
 Summon Lightning Spire   Summ/Air       Unusable   N/A       N/A         4
 Summon Mana Viper        Hex/Summ       Unusable   N/A       N/A         5
 Death Channel            Necr           Unusable   N/A       N/A         6
 Simulacrum               Ice/Necr       Unusable   N/A       N/A         6
 Summon Hydra             Summ           Unusable   N/A       N/A         7
 Summon Horrible Things   Summ           Unusable   N/A       N/A         8
 Dragon's Call            Summ           Unusable   N/A       N/A         9

Dungeon Overview and Level Annotations

Branches:
Dungeon (15/15)            Temple (1/1) D:6            Lair (5/5) D:10
 Shoals (4/4) Lair:2        Snake (4/4) Lair:3        Slime (0/5) Lair:4
    Orc (2/2) D:11            Elf (3/3) Orc:2        Vaults (5/5) D:13
  Crypt (0/3) Vaults:3     Depths (4/4) D:15            Zot (5/5) Depths:4
  Sewer (visited)

Altars:
Ashenzari
Cheibriados
Dithmenos
Elyvilon
Fedhas
Gozag
Hepliaklqana
Kikubaaqudgha
Makhleb
Nemelex Xobeh
Okawaru
Qazlal
Ru
Sif Muna
Trog
Uskayaw
Vehumet
Wu Jian
Xom
Yredelemnul
Zin
The Shining One
Jiyva

Shops:
D:12 :   Orc:2 *!*?:   Elf:3 [=::   Shoals:1 [   Shoals:3 =[(   Shoals:4 *
Snake:1 :   Snake:3 ((   Vaults:5 :

Portals:
Hell: Depths:1 Depths:2 Depths:3 Depths:4
Abyss: Depths:1
Pandemonium: Depths:2
Ziggurat: Depths:4

Annotations:
Vaults:3 Asterion
Depths:3 Parghit


Innate Abilities, Weirdness & Mutations

You have a pair of horns on your head.
You reflexively headbutt those who attack you in melee.
You sometimes lose your temper in combat.
Armour fits poorly on your strangely shaped body.
Your body sometimes deteriorates upon taking damage.
You occasionally shout uncontrollably at your foes.
Potions are less effective at restoring your health.
You occasionally lose the ability to read scrolls when taking damage.


Message History

You barely miss the neqoxec.
You are engulfed in mutagenic fog.
The mutagenic energy flows into you.
You are very lightly contaminated with residual magic.
You barely miss Nerurio. Your headbutt misses Nerurio.
Nerurio is moderately wounded.
You slash the neqoxec!
You kill the neqoxec!
Okawaru accepts your kill.
You are engulfed in mutagenic fog.
The mutagenic energy flows into you.
You are lightly contaminated with residual magic.
You cut Nerurio into ribbons!!! You headbutt Nerurio, but do no damage.
Nerurio is heavily wounded.
You are engulfed in mutagenic fog.
The mutagenic energy flows into you.
You are contaminated with residual magic.
You chop Nerurio into pieces!!! You headbutt Nerurio, but do no damage.
Nerurio is severely wounded.
You are engulfed in mutagenic fog.
The mutagenic energy flows into you. You block Nerurio's attack.
You hit Nerurio but do no damage. Your headbutt misses Nerurio.
Nerurio is severely wounded.
You are engulfed in mutagenic fog.
The mutagenic energy flows into you.
You slash Nerurio! You headbutt Nerurio, but do no damage.
Nerurio is almost dead.
You are engulfed in mutagenic fog.
The mutagenic energy flows into you.
You hit Nerurio but do no damage.
Nerurio is almost dead.
You are engulfed in mutagenic fog.
The mutagenic energy flows into you. Nerurio misses you.
You furiously retaliate!
You headbutt Nerurio!! You slice Nerurio!!
You kill Nerurio!
Okawaru accepts your kill.
You are engulfed in mutagenic fog.
The mutagenic energy flows into you.
You are heavily infused with residual magic.
Really walk into that cloud of mutagenic fog?
You are engulfed in mutagenic fog.
The mutagenic energy flows into you.
There is a staircase leading out of the dungeon here.
You are engulfed in mutagenic fog.
The mutagenic energy flows into you.
Your body shudders with the violent release of wild energies!
You feel a little pissed off.
You have escaped!

#.....#........#######.###
#......................#
#......###.#.############
#......# #.#............#
#.####.# #.##..##.#####.#
#.#..#.# #.#.......# #.#
#.#..#.###..P...P..#
#.#####
#.#..#.............#
#.....#
###.#..####.....@....#
#####.# )...#..#
#.........## #.....#
#####..# #...P...P.#
#.##### ### #..#
#........## #.# ..###..##
#.#.###### #.# ........#
#...###### #.# ........#
#........# #.# ........#
##..####.# #.#
..###.#######.# #)# #.#


There were no monsters in sight!

Vanquished Creatures
  2 ancient liches
  2 dread liches (Zot:5)
  4 orbs of fire (Zot:5)
  Mennas (Vaults:2)
  2 juggernauts
  5 Killer Klowns (Zot:5)
  Vashnia (Snake:3)
  2 curse toes
  9 golden dragons
  the Enchantress (Depths:2)
  3 bone dragons (Depths:4)
  4 electric golems
  Jorgrun (Snake:2)
  A Brimstone Fiend (D:6)
  16 tentacled monstrosities
  A pandemonium lord (D:1)
  Mlioglotl (Snake:3)
  3 liches
  29 Orb Guardians
  10 titans
  A walking crystal tome (D:15)
  The ghost of Sobieck the Alchemist, an adept DrTm of Wu Jian (Shoals:3)
  7 quicksilver dragons
  A deep elf master archer (Elf:3)
  4 krakens
  4 deep elf blademasters
  The ghost of Mungiw the Peltast, an adept MiBe of Trog (Shoals:3)
  The ghost of Mungiw the Peltast, an adept MiBe of Trog (Shoals:1)
  Gastronok (Lair:3)
  12 death cobs
  20 storm dragons
  Donald (Shoals:2)
  Agnes (Snake:3)
  10 shadow dragons
  6 sphinxes
  11 tengu reavers
  Kirke (D:12)
  6 nagarajas
  3 draconian monks
  A draconian scorcher (Zot:4)
  5 draconian knights
  9 frost giants
  Louise (Shoals:2)
  11 fire giants
  Aizul (Snake:3)
  2 iron dragons
  9 deep elf sorcerers
  5 draconian shifters
  17 vault wardens
  An orc warlord (Vaults:3)
  7 deep elf elementalists
  4 ghost moths (Zot:2)
  A balrug (Depths:1)
  A cacodemon (Zot:3)
  4 draconian stormcallers
  22 ironbound preservers
  A spriggan defender (Depths:2)
  The ghost of Ricoe the Cleaver, a journeyman FoFi of Okawaru (D:14)
  A reaper (Zot:1)
  A quicksilver ooze (shapeshifter) (Vaults:5)
  2 war gargoyles (Vaults:2)
  5 deep elf demonologists
  4 ironbound thunderhulks
  A juggernaut skeleton (D:15)
  48 very ugly things
  22 stone giants
  2 vampire knights
  5 white draconians
  5 red draconians
  The ghost of Kapsuk the Devastator, a journeyman DECj of Sif Muna (D:14)
  6 green draconians
  A black draconian (Zot:4)
  9 deep elf annihilators
  2 spark wasps
  6 purple draconians
  13 dire elephants
  Azrael (Snake:2)
  5 yellow draconians
  3 merfolk javelineers (Shoals:4)
  A green death (Zot:5)
  18 ettins
  10 merfolk impalers
  9 deep elf death magi
  6 fire dragons
  A quicksilver dragon zombie (D:15)
  A crystal guardian (Vaults:3)
  6 yaktaur captains
  6 great orbs of eyes
  4 rakshasas
  37 vault guards
  9 hydras
  5 ice dragons
  7 deep elf high priests
  5 salamander tyrants
  3 peacekeepers
  A catoblepas (Lair:5)
  12 centaur warriors
  3 ogre magi
  7 two-headed ogres
  14 anacondas
  2 spriggan air magi (Depths:2)
  Erica (D:11)
  5 merfolk avatars
  36 dancing weapons
  5 boulder beetles
  3 merfolk aquamancers
  6 ironbound frosthearts
  A satyr (Shoals:1)
  12 naga warriors
  7 deep troll earth magi
  4 orc high priests
  8 death yaks
  An alligator snapping turtle (Shoals:3)
  5 tengu warriors
  6 spriggan berserkers
  9 deep troll shamans
  A titan zombie (Depths:1)
  Urug (D:10)
  19 naga sharpshooters
  The ghost of Onniptox the Destroyer, a novice DrCj of Vehumet (Lair:1)
  2 vampire magi
  7 hell knights
  5 shock serpents
  7 skysharks
  14 deep elf knights
  6 iron trolls
  A sun demon (Depths:1)
  13 sea snakes
  9 skeletal warriors (D:15)
  9 salamander mystics
  A shadow wraith (Vaults:5)
  A deep troll (shapeshifter) (Vaults:5)
  4 glowing orange brains
  2 orange crystal statues (Zot:1)
  A large abomination (Elf:1)
  13 wizards
  5 flayed ghosts
  6 naga ritualists
  A glowing orange brain (shapeshifter) (Vaults:5)
  17 ironbound convokers
  10 lindwurms
  50 deep trolls
  2 obsidian statues
  4 phantasmal warriors
  24 harpies
  5 deep elf archers
  7 necromancers
  A harpy (shapeshifter) (Depths:2)
  2 wolf spiders (Lair:5)
  4 orc sorcerers
  26 deep elf pyromancers
  21 deep elf zephyrmancers
  10 orc knights
  11 mana vipers
  A mana viper (shapeshifter) (Vaults:5)
  21 manticores
  A fire giant zombie (D:15)
  53 ugly things
  A shining eye (shapeshifter) (Depths:1)
  4 oklob plants
  6 cyclopes
  55 salamanders
  A fire giant skeleton (D:15)
  4 fauns (Shoals:2)
  9 merfolk sirens
  15 moths of wrath
  8 guardian serpents
  20 naga magi
  24 elephants
  Joseph (D:10)
  8 water nymphs
  55 black mambas
  16 vault sentinels
  A torpor snail (Lair:3)
  2 smoke demons (Depths:1)
  A gargoyle (D:13)
  A guardian serpent (shapeshifter) (D:13)
  3 orange demons (Zot:3)
  23 cane toads
  3 rime drakes
  7 komodo dragons
  22 yaktaurs
  Maggie (D:9)
  A tormentor (D:14)
  5 freezing wraiths (Vaults:5)
  An efreet (D:14)
  3 tengu conjurers
  17 merfolk
  7 polar bears
  7 trolls
  7 wind drakes
  A shadow dragon simulacrum (Depths:1)
  A tarantella (shapeshifter) (Elf:2)
  15 snapping turtles
  4 hornets
  A dream sheep (shapeshifter) (Vaults:5)
  A raiju (shapeshifter) (D:13)
  9 dream sheep
  39 slime creatures
  A jumping spider (shapeshifter) (Elf:2)
  A spriggan skeleton (Depths:1)
  A ynoxinul (Depths:1)
  A shadow (D:10)
  3 wraiths
  3 air elementals
  15 wyverns
  14 water elementals
  4 fire elementals
  3 spriggans
  A vampire (D:11)
  56 yaks
  6 hogs
  3 basilisks
  A human (D:11)
  4 fire bats (Depths:2)
  3 steam dragons
  A neqoxec (D:1)
  A chaos spawn (Zot:2)
  Menkaure (D:6)
  A hog (shapeshifter) (Elf:3)
  A redback (Lair:5)
  10 vampire mosquitoes
  An acid dragon (D:8)
  55 nagas
  A swamp worm (shapeshifter) (Depths:3)
  5 wargs
  21 water moccasins
  A floating eye (Depths:1)
  Duvessa (D:7)
  5 hell hounds (Snake:2)
  2 sky beasts (D:7)
  A spriggan simulacrum (Depths:1)
  3 black bears
  20 orc warriors
  4 ogres
  2 centaurs
  21 wolves
  10 kobold brigands
  2 elf zombies (Elf:1)
  14 bullfrogs
  3 earth elementals
  2 scorpions
  13 wights
  Dowan (D:7)
  5 killer bees (D:8)
  9 electric eels
  3 howler monkeys
  2 lava snakes (Snake:3)
  4 hounds
  21 orc priests
  2 jellies (D:6)
  A sleepcap (D:8)
  2 iguanas
  Natasha (D:2)
  28 orc wizards
  4 hell rats (Lair:1)
  3 lightning spires (Zot:1)
  7 gnolls (D:5)
  13 adders
  3 river rats (D:5)
  A shadow imp (D:7)
  A white imp (D:7)
  An ufetubus (D:4)
  An adder zombie (D:2)
  An adder skeleton (D:2)
  10 worms
  5 dart slugs
  85 orcs
  7 ball pythons
  12 endoplasms
  6 giant cockroaches
  6 goblins
  4 hobgoblins
  10 jackals
  2 quokkas
  5 bats (D:2)
  6 frilled lizards
  16 kobolds
  9 rats
  A plant (Lair:5)
  2 spectral weapons (Zot:5)
  11 tentacles
2154 creatures vanquished.

Vanquished Creatures (others)
  An Orb Guardian (Zot:5)
  A death cob (Zot:3)
  A naga sharpshooter (Snake:3)
  2 deep elf knights (Elf:2)
  A deep elf zephyrmancer (Elf:1)
  A cane toad (Lair:5)
  An orc wizard (D:11)
  2 bushes (Lair:5)
  87 fungi
  194 plants
  13 tentacles
  15 withered plants
319 creatures vanquished.

Grand Total: 2473 creatures vanquished

Notes
Turn   | Place    | Note
-------+----------+-------------------------------------------
     0 | D:1      | nroviw the Minotaur Fighter began the quest for the Orb.
     0 | D:1      | Reached XP level 1. HP: 19/19 MP: 0/0
   270 | D:1      | Reached XP level 2. HP: 27/27 MP: 1/1
   811 | D:2      | Noticed Natasha
   818 | D:2      | Killed Natasha
   819 | D:2      | Reached XP level 3. HP: 30/33 MP: 2/2
   998 | D:2      | Reached XP level 4. HP: 40/40 MP: 3/3
  1834 | D:3      | Reached XP level 5. HP: 32/47 MP: 4/4
  2034 | D:3      | Found a faded altar of an unknown god.
  2343 | D:4      | Identified the +8 dagger of Dawn {heavy, rN+++ Will- MP-9}
  2480 | D:4      | Found a stormy altar of Qazlal.
  2565 | D:4      | Found a white marble altar of Elyvilon.
  2750 | D:4      | Reached skill level 5 in Axes
  2755 | D:4      | Reached XP level 6. HP: 55/55 MP: 5/5
  2882 | D:4      | Reached skill level 5 in Fighting
  2882 | D:4      | Reached skill level 5 in Armour
  2882 | D:4      | Reached skill level 5 in Shields
  3237 | D:5      | Entered Level 5 of the Dungeon
  3625 | D:5      | Reached XP level 7. HP: 61/61 MP: 6/6
  3698 | D:5      | Found an opulent altar of Gozag.
  3731 | D:5      | Found a glowing drain.
  3739 | Sewer    | Entered a sewer
  4375 | Sewer    | Reached XP level 8. HP: 64/70 MP: 7/7
  4722 | D:5      | Found a shimmering blue altar of Sif Muna.
  5041 | D:6      | Found a staircase to the Ecumenical Temple.
  5057 | Temple   | Entered the Ecumenical Temple
  5302 | Temple   | Became a worshipper of Warmaster Okawaru
  5321 | D:6      | Noticed Menkaure
  5329 | D:6      | Killed Menkaure
  5859 | D:6      | Found a broken altar of Ashenzari.
  6026 | D:7      | Reached * piety under Okawaru
  6027 | D:7      | Reached XP level 9. HP: 32/78 MP: 8/8
  6267 | D:7      | Noticed Dowan
  6269 | D:7      | Noticed Duvessa
  6280 | D:7      | Killed Duvessa
  6292 | D:7      | Killed Dowan
  6377 | D:7      | Reached skill level 1 in Invocations
  6659 | D:7      | Reached ** piety under Okawaru
  6660 | D:7      | Reached skill level 10 in Axes
  6780 | D:8      | Reached *** piety under Okawaru
  6956 | D:8      | Found a sparkling altar of Nemelex Xobeh.
  6958 | D:8      | Identified the +2 spear "Loceucs" {freeze, rElec rPois
                  | Dex+6}
  6964 | D:8      | Reached XP level 10. HP: 90/90 MP: 11/11
  7726 | D:9      | Noticed a two-headed ogre
  7735 | D:9      | Killed a two-headed ogre
  7760 | D:9      | Noticed Maggie
  7772 | D:9      | Killed Maggie
  8225 | D:9      | Noticed a cyclops
  8225 | D:9      | Noticed a cyclops
  8466 | D:9      | Reached **** piety under Okawaru
  8575 | D:10     | Entered Level 10 of the Dungeon
  8796 | D:10     | Noticed Joseph
  8816 | D:10     | Killed Joseph
  8864 | D:10     | Found a staircase to the Lair.
  8877 | D:10     | Reached XP level 11. HP: 94/97 MP: 13/13
  8894 | D:10     | Reached ***** piety under Okawaru
  8899 | D:10     | Reached skill level 5 in Invocations
  9070 | D:10     | Found a shadowy altar of Dithmenos.
  9071 | D:10     | Found a bloodstained altar of Trog.
  9273 | D:10     | You fall into a shaft and drop 2 floors!
  9351 | D:11     | Found a staircase to the Orcish Mines.
  9568 | D:11     | Reached skill level 10 in Fighting
  9644 | D:11     | Noticed a boulder beetle
  9674 | D:11     | Killed a boulder beetle
  9674 | D:11     | Identified the +9 broad axe of Defenestration {protect,
                  | rF+} (Okawaru gifted it to you on level 11 of the Dungeon)
  9674 | D:11     | Received a gift from Okawaru
  9675 | D:11     | Reached skill level 10 in Armour
  9675 | D:11     | Reached skill level 10 in Shields
  9783 | D:11     | Noticed Erica
  9861 | D:10     | Noticed Urug
  9873 | D:10     | Killed Urug
 10143 | D:10     | Identified 3 scrolls of acquirement
 10144 | D:10     | Acquired the amulet "Guetit" {rF- Will+ Regen+ Str+5 Int+3}
 10253 | Lair:1   | Entered Level 1 of the Lair of Beasts
 10691 | Lair:1   | Found a runed translucent gate.
 10691 | Lair:1   | Found a runed translucent gate.
 10692 | Lair:1   | Found a runed translucent gate.
 10692 | Lair:1   | Noticed a ten-headed hydra
 10693 | Lair:1   | Noticed Onniptox's ghost (novice DrCj)
 10696 | Lair:1   | Noticed a nine-headed hydra
 11227 | Lair:1   | Killed a seven-headed hydra
 11231 | Lair:1   | Killed a six-headed hydra
 11234 | Lair:1   | Killed Onniptox's ghost
 11296 | Lair:1   | Acquired the +8 mithril axe "Arga" {speed, Will+}
 11296 | Lair:1   | Found the +8 mithril axe "Arga" {speed, Will+}
 11326 | Lair:2   | Identified the +9 broad axe of Defiance {venom, rElec rF+++
                  | rN+ Dex-4} (Okawaru gifted it to you on level 2 of the Lair
                  | of Beasts)
 11326 | Lair:2   | Received a gift from Okawaru
 11331 | Lair:1   | Reached XP level 12. HP: 87/110 MP: 15/15
 11410 | Lair:2   | Noticed a six-headed hydra
 11413 | Lair:2   | Reached skill level 15 in Axes
 11432 | Lair:1   | Killed a two-headed hydra
 11745 | Lair:2   | Noticed a five-headed hydra
 11761 | Lair:2   | Killed a one-headed hydra
 11765 | Lair:2   | Received a gift from Okawaru
 11915 | Lair:2   | Noticed a boulder beetle
 11957 | Lair:2   | Killed a boulder beetle
 12318 | Lair:2   | Found a staircase to the Shoals.
 12327 | Lair:2   | Received a gift from Okawaru
 12876 | Lair:3   | Reached XP level 13. HP: 96/122 MP: 18/18
 13126 | Lair:3   | Received a gift from Okawaru
 13152 | Lair:3   | Acquired 931 gold pieces
 13187 | Lair:3   | Noticed Gastronok
 13199 | Lair:3   | Killed Gastronok
 13208 | Lair:3   | Found a staircase to the Snake Pit.
 13572 | Lair:4   | Found a viscous altar of Jiyva.
 13576 | Lair:4   | Found a staircase to the Slime Pits.
 14649 | Lair:5   | Entered Level 5 of the Lair of Beasts
 14686 | Lair:5   | Reached ****** piety under Okawaru
 14691 | Lair:5   | Identified the +9 broad axe "Rifolu" {freeze, rElec rPois
                  | Will- rCorr} (Okawaru gifted it to you on level 5 of the
                  | Lair of Beasts)
 14691 | Lair:5   | Received a gift from Okawaru
 14877 | Lair:5   | Identified the +1 pair of boots of Hisaxuol {rF- rN+++
                  | Dex-4 Slay+5} (Okawaru gifted it to you on level 5 of the
                  | Lair of Beasts)
 14877 | Lair:5   | Received a gift from Okawaru
 14889 | Lair:5   | Reached XP level 14. HP: 110/132 MP: 20/20
 15278 | Lair:5   | Reached skill level 10 in Invocations
 15417 | Lair:5   | Reached skill level 15 in Fighting
 15655 | Lair:5   | Identified the +0 pair of boots "Diyxt" {Will+} (Okawaru
                  | gifted it to you on level 5 of the Lair of Beasts)
 15655 | Lair:5   | Received a gift from Okawaru
 16039 | D:11     | Killed Erica
 16435 | Orc:1    | Entered Level 1 of the Orcish Mines
 16808 | Orc:2    | Entered Level 2 of the Orcish Mines
 17014 | Arena    | Entered the Arena
 17032 | Orc:2    | Reached XP level 15. HP: 51/143 MP: 8/21
 17418 | Orc:2    | Found Zamohak's General Store.
 17427 | Orc:2    | Bought a potion of mutation for 88 gold pieces
 17427 | Orc:2    | Bought a scroll of fear for 44 gold pieces
 17605 | Orc:2    | Found Ymeilack's Book Boutique.
 17605 | Orc:2    | Found Joraph's Distillery.
 17607 | Orc:2    | Found Plog's Magic Scroll Boutique.
 17607 | Orc:2    | Found Mawoboh's General Store.
 17615 | Orc:2    | Bought a scroll of blinking for 112 gold pieces
 17615 | Orc:2    | Bought a scroll of enchant armour for 112 gold pieces
 17615 | Orc:2    | Bought a scroll of magic mapping for 112 gold pieces
 17615 | Orc:2    | Bought a scroll of poison for 60 gold pieces
 17615 | Orc:2    | Bought a scroll of teleportation for 45 gold pieces
 17615 | Orc:2    | Bought a scroll of teleportation for 45 gold pieces
 17615 | Orc:2    | Bought a scroll of identify for 30 gold pieces
 17640 | Orc:2    | Bought a potion of experience for 650 gold pieces
 17640 | Orc:2    | Bought 2 potions of heal wounds for 130 gold pieces
 17640 | Orc:2    | Bought a potion of heal wounds for 65 gold pieces
 17640 | Orc:2    | Bought a potion of might for 52 gold pieces
 17640 | Orc:2    | Bought a potion of attraction for 39 gold pieces
 17641 | Orc:2    | Reached skill level 5 in Throwing
 17641 | Orc:2    | Reached XP level 16. HP: 151/151 MP: 22/22
 17692 | Orc:2    | Found a staircase to the Elven Halls.
 17946 | Orc:2    | Bought a +2 pair of gloves of stealth for 258 gold pieces
 18411 | D:12     | Found an ancient bone altar of Kikubaaqudgha.
 18598 | D:12     | Found Yttiuno's Book Shop.
 18600 | D:12     | Identified the +2 pair of gloves of Valiance {Rampage rElec
                  | Will+++ Int-5}
 18600 | D:12     | Noticed Kirke
 18636 | D:12     | Killed Kirke
 19289 | D:13     | Received a gift from Okawaru
 19328 | D:13     | Found a gate to the Vaults.
 19606 | D:13     | Identified the +0 chain mail of the Saviour {Harm rPois
                  | Will+}
 19891 | D:12     | Bought a manual of Throwing for 1120 gold pieces
 20522 | D:14     | Found a runed translucent gate.
 20522 | D:14     | Found a runed translucent gate.
 20523 | D:14     | Found a runed translucent gate.
 20526 | D:14     | Noticed Ricoe's ghost (journeyman FoFi)
 20526 | D:14     | Noticed Kapsuk's ghost (journeyman DECj)
 20771 | D:14     | Found the +27 heavy crossbow "Sniper" {heavy, Acc+∞ SInv}
 20783 | D:14     | Killed Ricoe's ghost
 20786 | D:14     | Killed Kapsuk's ghost
 20901 | D:15     | Entered Level 15 of the Dungeon
 20984 | D:15     | Received a gift from Okawaru
 21288 | D:15     | Received a gift from Okawaru
 21336 | D:15     | Found a staircase to the Depths.
 21603 | D:15     | Reached skill level 10 in Throwing
 22000 | Snake:1  | Entered Level 1 of the Snake Pit
 22059 | Snake:1  | Found Ipaz's Book Shop.
 22137 | Snake:1  | Reached skill level 1 in Evocations
 22523 | Snake:1  | Received a gift from Okawaru
 22721 | Snake:1  | Reached XP level 17. HP: 131/161 MP: 24/24
 22724 | Snake:1  | Identified the +0 scale mail "Fist" {Fly rElec rPois
                  | Slay-6} (Okawaru gifted it to you on level 1 of the Snake
                  | Pit)
 22724 | Snake:1  | Received a gift from Okawaru
 23027 | Snake:2  | Noticed Jorgrun
 23037 | Snake:2  | Killed Jorgrun
 23369 | Snake:2  | Noticed Azrael
 23381 | Snake:2  | Killed Azrael
 23466 | Snake:2  | Reached skill level 5 in Evocations
 23490 | Snake:2  | Found a gateway to a bazaar.
 23504 | Bazaar   | Entered a bazaar
 23504 | Bazaar   | Found Pocusol's Assorted Antiques.
 23504 | Bazaar   | Found Domett's Distillery.
 23506 | Bazaar   | Found Ughoy's Weapon Shoppe.
 23522 | Bazaar   | Found Wamac's Weapon Emporium.
 23534 | Bazaar   | Bought a potion of ambrosia for 88 gold pieces
 23534 | Bazaar   | Bought a potion of cancellation for 88 gold pieces
 23534 | Bazaar   | Bought 2 potions of might for 88 gold pieces
 23590 | Snake:2  | Reached skill level 15 in Armour
 24040 | Snake:3  | Noticed Vashnia
 24076 | Snake:3  | Killed Vashnia
 24076 | Snake:3  | Received a gift from Okawaru
 24077 | Snake:3  | Noticed Aizul
 24317 | Snake:3  | Noticed Mlioglotl
 24324 | Snake:3  | Killed Mlioglotl
 24346 | Snake:3  | Found Ajiphadi's Weapon Shoppe.
 24346 | Snake:3  | Found Kutz's Antique Weapon Emporium.
 24579 | Snake:3  | Received a gift from Okawaru
 24692 | Snake:3  | Reached XP level 18. HP: 113/173 MP: 26/26
 24785 | Snake:3  | Received a gift from Okawaru
 25102 | Snake:3  | Killed Aizul
 25192 | Snake:3  | Noticed Agnes
 25201 | Snake:3  | Killed Agnes
 26013 | Snake:4  | Entered Level 4 of the Snake Pit
 26222 | Snake:4  | Received a gift from Okawaru
 26541 | Snake:4  | Reached skill level 15 in Shields
 26902 | Snake:4  | Identified the +10 flail "Vigh" {distort, Dex+2} (Okawaru
                  | gifted it to you on level 4 of the Snake Pit)
 26902 | Snake:4  | Received a gift from Okawaru
 27063 | Snake:4  | Got a serpentine rune of Zot
 27820 | Shoals:1 | Entered Level 1 of the Shoals
 27859 | Shoals:1 | Found a runed translucent gate.
 27870 | Shoals:1 | Reached skill level 1 in Dodging
 28064 | Shoals:1 | Found Omot's Armour Shop.
 28104 | Shoals:1 | Found a runed translucent gate.
 28105 | Shoals:1 | Found a runed translucent gate.
 28105 | Shoals:1 | Found an opulent altar of Gozag.
 28108 | Shoals:1 | Noticed Mungiw's ghost (adept MiBe)
 28528 | Shoals:1 | Killed Mungiw's ghost
 28550 | Shoals:1 | Identified the +4 hand axe "Kifoujo" {venom, Int+2}
                  | (Okawaru gifted it to you on level 1 of the Shoals)
 28550 | Shoals:1 | Received a gift from Okawaru
 28751 | Shoals:2 | Noticed Donald
 28758 | Shoals:2 | Killed Donald
 28779 | Shoals:2 | Reached XP level 19. HP: 177/185 MP: 27/27
 28958 | Shoals:2 | Noticed Louise
 28975 | Shoals:2 | Killed Louise
 28976 | Shoals:2 | Reached skill level 5 in Dodging
 29395 | Shoals:3 | Found Ypoebbuh's Weapon Boutique.
 29410 | Shoals:3 | Found Jymauc's Armour Shop.
 29459 | Shoals:3 | Found a runed translucent gate.
 29459 | Shoals:3 | Found a runed translucent gate.
 29459 | Shoals:3 | Found a runed translucent gate.
 29460 | Shoals:3 | Noticed Mungiw's ghost (adept MiBe)
 29460 | Shoals:3 | Noticed Sobieck's ghost (adept DrTm)
 29491 | Shoals:3 | Killed Mungiw's ghost
 29501 | Shoals:3 | Killed Sobieck's ghost
 29661 | Shoals:3 | Found Adudoiv's Antique Weapon Shoppe.
 29663 | Shoals:3 | Found Leguewk's Jewellery Shop.
 29684 | Shoals:3 | Bought a ring of flight for 245 gold pieces
 29951 | Shoals:3 | Got the Anthology of Oromancy
 30011 | Shoals:3 | Received a gift from Okawaru
 30260 | Shoals:4 | Entered Level 4 of the Shoals
 30390 | Shoals:4 | Identified the staff of cold "Quneg" {*Slow rC+ rCorr
                  | Int+6}
 30582 | Shoals:4 | Found Enouzis's CLEARANCE SALE!.
 30974 | Shoals:4 | Acquired 664 gold pieces
 30987 | Shoals:4 | Received a gift from Okawaru
 31051 | Shoals:4 | Received a gift from Okawaru
 31061 | Shoals:4 | Got a barnacled rune of Zot
 31748 | Shoals:1 | Bought the +1 cloak of Doroar {rPois rF+++ Regen+ Dex-5}
                  | for 632 gold pieces
 31938 | Elf:1    | Entered Level 1 of the Elven Halls
 31953 | Elf:1    | Received a gift from Okawaru
 32404 | Elf:1    | Paralysed by an air elemental for 1 turns
 32424 | Elf:1    | Reached XP level 20. HP: 198/198 MP: 28/28
 32626 | Elf:2    | Reached skill level 10 in Dodging
 32635 | Elf:2    | Received a gift from Okawaru
 32659 | Elf:2    | Received a gift from Okawaru
 32835 | Elf:2    | Found a runed translucent gate.
 32835 | Elf:2    | Found a runed translucent gate.
 32836 | Elf:2    | Found a runed translucent gate.
 33103 | Elf:2    | Received a gift from Okawaru
 33184 | Elf:2    | Identified the +4 broad axe of the Abyss {heavy, *Rage rN++
                  | Str+2} (Okawaru gifted it to you on level 2 of the Elven
                  | Halls)
 33184 | Elf:2    | Received a gift from Okawaru
 33481 | Elf:3    | Entered Level 3 of the Elven Halls
 33513 | Elf:3    | Paralysed by an air elemental for 1 turns
 33564 | Elf:3    | Found Faoppuid's Armour Boutique.
 33631 | Elf:3    | Found Ifeokirch's Book Shoppe.
 33633 | Elf:3    | Found Xeidemme's Jewellery Boutique.
 33634 | Elf:3    | Found Nulumas's Book Shoppe.
 33993 | Elf:3    | Found an ancient bone altar of Kikubaaqudgha.
 34108 | Arena    | Entered the Arena
 34110 | Arena    | Identified the +9 hand axe of the Arena {protect, rPois}
                  | (Okawaru gifted it to you in the Arena)
 34110 | Arena    | Received a gift from Okawaru
 34150 | Elf:3    | HP: 10/202 [deep elf high priest/damnation (38)]
 34151 | Arena    | Entered the Arena
 34364 | Elf:3    | Found the macabre finger necklace {Finger+ rN+}
 34383 | Elf:3    | Identified the staff of earth "Joofitesu" {rPois Will+
                  | rCorr}
 34388 | Elf:3    | Identified the staff of poison "Pijagg" {rPois Str+4 Dex+4}
 34392 | Elf:3    | Identified the staff of death "Sian Quf" {Fragile rElec
                  | rPois rN+ Dex+3}
 34401 | Elf:3    | Identified the +1 plate armour of the Yeti {Drain rElec
                  | rPois Dex+3}
 34418 | Elf:3    | Identified the +1 chain mail "Qinaemur" {rF+ rC+ Int+3}
 34459 | Elf:3    | Identified the staff of fire "Niv Cycwou" {rF+ rN+ rCorr}
 34460 | Elf:3    | Identified the +9 spear of Mana {drain, rC+ Str+3 Dex+3}
 34461 | Elf:3    | Identified the +5 great mace of Equilibrium {drain, rElec
                  | rC+ Str+2}
 34489 | Elf:3    | Got the Volume of Company and Destruction
 34830 | Vaults:1 | Entered Level 1 of the Vaults
 34943 | Vaults:1 | Received a gift from Okawaru
 35034 | Vaults:1 | Identified the +1 hat "Quzok" {rC+ rCorr Int+2 Stlth+}
                  | (Okawaru gifted it to you on level 1 of the Vaults)
 35034 | Vaults:1 | Received a gift from Okawaru
 35131 | Vaults:1 | Reached XP level 21. HP: 211/211 MP: 29/29
 35934 | Vaults:2 | Noticed Mennas
 35959 | Vaults:2 | Killed Mennas
 36839 | Vaults:2 | Identified the +0 pair of gloves of Experimentation {Will-
                  | rCorr Int+6 Dex-4} (Okawaru gifted it to you on level 2 of
                  | the Vaults)
 36839 | Vaults:2 | Received a gift from Okawaru
 37078 | Vaults:3 | Found a staircase to the Crypt.
 37078 | Vaults:3 | Found an ancient bone altar of Kikubaaqudgha.
 37078 | Vaults:3 | Found a basalt altar of Yredelemnul.
 37573 | Vaults:3 | Identified the +0 scale mail of the Candlemaker {Drain
                  | rElec rF+ rC+}
 37633 | Vaults:3 | Noticed Asterion
 37945 | Vaults:3 | Identified the staff of poison "Doofotwa" {rElec rPois rF+
                  | Int+3}
 38398 | Vaults:4 | Received a gift from Okawaru
 38547 | Vaults:4 | Received a gift from Okawaru
 38618 | Vaults:4 | Reached XP level 22. HP: 224/224 MP: 30/30
 38825 | Vaults:4 | Got the Octavo of Ill Luck and the Glacier
 38883 | Vaults:4 | Received a gift from Okawaru
 39103 | Vaults:4 | Identified the +0 buckler "Juosch" {-Tele rElec rPois
                  | rCorr}
 39284 | Vaults:4 | Received a gift from Okawaru
 39431 | Vaults:5 | Entered Level 5 of the Vaults
 39554 | Vaults:5 | Noticed an ancient lich
 39601 | Vaults:5 | Killed an ancient lich
 39611 | Vaults:5 | Reached skill level 15 in Dodging
 39630 | Vaults:5 | Received a gift from Okawaru
 39801 | Vaults:5 | Received a gift from Okawaru
 39801 | Vaults:5 | Found the +18 Lear's hauberk
 39887 | Vaults:5 | Got the Quarto of Tainted Spooky Spells
 39888 | Vaults:5 | Identified the ring of Xuisunei {rElec rC+ Str+6 Int-4}
 39937 | Vaults:5 | Reached XP level 23. HP: 235/236 MP: 31/31
 40159 | Vaults:5 | Found Xoghaf's Book Shoppe.
 40328 | Vaults:5 | Got a silver rune of Zot
 40584 | Vaults:5 | Identified the +9 hand axe "Herched" {speed, Int+3}
 40595 | Vaults:5 | Identified the staff of conjuration "Wedel Mooq" {Will+}
 40596 | Vaults:5 | Identified the staff of poison "Kexty" {Drain rPois MP+9
                  | Str+3}
 40623 | Vaults:5 | Identified the +8 scimitar "Enumpi Bitzu" {distort, rC+ rN+
                  | Stlth-}
 40968 | Vaults:5 | Got the Thoughts on Points
 41268 | Depths:1 | Entered Level 1 of the Depths
 41620 | Depths:1 | Found a one-way gate to the infinite horrors of the Abyss.
 41747 | Depths:1 | Received a gift from Okawaru
 41769 | Depths:1 | Identified the +0 crystal plate armour "Othrotal" {Will+}
                  | (Okawaru gifted it to you on level 1 of the Depths)
 41769 | Depths:1 | Received a gift from Okawaru
 42031 | Depths:1 | You fall into a shaft and drop 1 floor!
 42328 | Depths:2 | Reached skill level 27 in Fighting
 42522 | Depths:2 | Found a gateway to Hell.
 42623 | Depths:2 | Found a one-way gate leading to the halls of Pandemonium.
 42879 | Depths:2 | Reached XP level 24. HP: 205/249 MP: 31/31
 42952 | Depths:2 | Identified the +6 sling of Ygosmek {antimagic, rF++ rN+
                  | Dex-4}
 42982 | Depths:2 | Received a gift from Okawaru
 43017 | Depths:2 | Identified the staff of air "Jaarox" {rElec Will+}
 43249 | Depths:1 | Paralysed by a floating eye for 2 turns
 44097 | Depths:4 | Entered Level 4 of the Depths
 44267 | Depths:4 | Identified the +3 kite shield "Wegeebb" {rC+ Str+2 Int+3}
                  | (Okawaru gifted it to you on level 4 of the Depths)
 44267 | Depths:4 | Received a gift from Okawaru
 44395 | Depths:4 | Noticed a juggernaut
 44403 | Depths:4 | Killed a juggernaut
 44558 | Depths:4 | Found a one-way gateway to a ziggurat.
 44770 | Depths:4 | Reached skill level 15 in Throwing
 44803 | Depths:4 | Found a gate to the Realm of Zot.
 45195 | Depths:4 | Lost intelligence.
 45318 | Zot:1    | Entered Level 1 of the Realm of Zot
 45400 | Zot:1    | Received a gift from Okawaru
 45483 | Zot:1    | Identified the +0 plate armour "Yvigocei" {Rampage rPois
                  | rF- Int+2}
 46232 | Zot:1    | Noticed an orb of fire
 47571 | Zot:1    | Received a gift from Okawaru
 48122 | Zot:2    | Reached XP level 25. HP: 104/257 MP: 27/31
 48366 | Zot:2    | Found a transporter.
 48401 | Zot:2    | Found the +0 mask of the Dragon {Will+ Slay+3 SInv}
 48858 | Zot:2    | Found a transporter.
 49005 | Zot:3    | Received a gift from Okawaru
 49008 | Zot:3    | Reached skill level 27 in Armour
 49870 | Zot:4    | Received a gift from Okawaru
 49956 | Zot:4    | Received a gift from Okawaru
 50290 | Zot:4    | Reached skill level 10 in Evocations
 50523 | Zot:5    | Entered Level 5 of the Realm of Zot
 50566 | Zot:5    | Received a gift from Okawaru
 50897 | Zot:5    | Received a gift from Okawaru
 51023 | Zot:5    | Noticed an ancient lich
 51037 | Zot:5    | Killed an ancient lich
 51047 | Zot:5    | Received a gift from Okawaru
 51151 | Zot:5    | Noticed a dread lich
 51160 | Zot:5    | Killed a dread lich
 51173 | Zot:5    | Noticed a Killer Klown
 51181 | Zot:5    | Killed a Killer Klown
 51183 | Zot:5    | Noticed a Killer Klown
 51186 | Zot:5    | Killed a Killer Klown
 51186 | Zot:5    | Received a gift from Okawaru
 51207 | Zot:5    | Noticed an orb of fire
 51208 | Zot:5    | Gained mutation: Armour fits poorly on your strangely
                  | shaped body. [an orb of fire]
 51211 | Zot:5    | Killed an orb of fire
 51253 | Zot:5    | Noticed a Killer Klown
 51261 | Zot:5    | Killed a Killer Klown
 51276 | Zot:5    | Noticed an orb of fire
 51371 | Zot:5    | Identified the +6 hand axe "Maluxkor" {flame, rF- rN++
                  | Dex+4} (Okawaru gifted it to you on level 5 of the Realm of
                  | Zot)
 51371 | Zot:5    | Received a gift from Okawaru
 51408 | Zot:5    | Reached XP level 26. HP: 212/266 MP: 31/31
 51470 | Zot:5    | a Killer Klown changed into a juggernaut
 51470 | Zot:5    | Noticed a juggernaut
 51471 | Zot:5    | Noticed an orb of fire
 51476 | Zot:5    | Killed an orb of fire
 51502 | Zot:5    | Killed a juggernaut
 51512 | Zot:5    | Noticed an orb of fire
 51523 | Zot:5    | Gained mutation: You occasionally shout uncontrollably at
                  | your foes. [an orb of fire]
 51526 | Zot:5    | Killed an orb of fire
 51537 | Zot:5    | Noticed a dread lich
 51569 | Zot:5    | Killed a dread lich
 51581 | Zot:5    | Received a gift from Okawaru
 51583 | Zot:5    | Gained mutation: You occasionally lose the ability to read
                  | scrolls when taking damage. [an orb of fire]
 51594 | Zot:5    | Gained mutation: Your body sometimes deteriorates upon
                  | taking damage. [an orb of fire]
 51604 | Zot:5    | Killed an orb of fire
 51939 | Zot:5    | Got the Orb of Zot
 52212 | Depths:3 | Noticed Parghit
 52216 | Depths:3 | Noticed the Enchantress
 52261 | Depths:2 | Killed the Enchantress
 52700 | D:1      | Noticed Nerurio the pandemonium lord
 52705 | D:1      | Gained mutation: Potions are less effective at restoring
                  | your health. [a neqoxec]
 52713 | D:1      | Killed Nerurio the pandemonium lord
 52716 | D:1      | Gained mutation: You sometimes lose your temper in combat.
                  | [mutagenic glow]
 52717 | D:$      | Escaped with the Orb!

Illustrated notes

Levels and vault maps discovered:
D:1:      dpeg_arrival_orchard, layout_basic
D:2:      layout_loops_ring, serial_undead, serial_undead_f, serial_undead_e,
          serial_undead_f, serial_undead_c, uniq_natasha
D:3:      layout_basic, shapermc_ecumenical_altar_totnotflames, kennysheep_boxes
D:4:      layout_basic, kennysheep_mini_moat, amcnicky_altar_gilded
D:5:      layout_loops_cross, nicolae_gozag_seed_capital,
          mainiacjoe_overflow_24_doors, lightli_sewer_entry_pipes
D:6:      layout_rooms, cheibrodos_ashenzari_chains,
          minmay_temple_entry_proselytizer, uniq_menkaure
D:7:      layout_cave_pools, uniq_duvessa
D:8:      layout_loops_ring, kennysheep_mini
D:9:      layout_rooms, lightli_corner_chamber, uniq_maggie
D:10:     layout_basic, mainiacjoe_overflow_catwalk_spiral,
          due_lair_maze_entry_diamond, eino_tiny_chamber, uniq_urug, uniq_joseph
D:11:     layout_basic, erik_orc_4, serial_bayou_pond_e, uniq_erica
D:12:     layout_rooms, serial_shops, nicolae_shop_just_a_little_nook,
          kiku_gazebo_garden_becter, uniq_kirke
D:13:     layout_roguey, erik_vaults_1
D:14:     layout_cave_pods, gammafunk_ghost_cemetery, minmay_door_square
D:15:     gammafunk_depths_entry_grave, layout_long_grid
Temple:   nicolae_temple_great_sept
Lair:1:   layout_cave_pods, gammafunk_ghost_hydra_chop, lemuel_fruit_tree,
          infiniplex_staircase_pool
Lair:2:   layout_regular_city, minmay_shoals_entry_hut, serial_bayou_pond_e,
          minivault_23, grunt_forest_stairs_clearing
Lair:3:   layout_small_grid, nicolae_snake_entry_squirm,
          pdpol_lair_cavern_descent, grunt_megastairs_1,
          infiniplex_staircase_pool_2, serial_bayou_shore_b, uniq_gastronok
Lair:4:   layout_small_grid, nicolae_slime_entry_slimehenge,
          cheibrodos_lair_caveside_slide, gammafunk_lair_bear_cave
Lair:5:   hangedman_lair_tendril_chambers, layout_loops_ring
Shoals:1: layout_shoals, serial_shops, shop, ebering_ghost_gozag
Shoals:2: layout_shoals, uniq_louise, uniq_donald
Shoals:3: nicolae_shoals_deep_elves_summer_vacation, layout_shoals,
          serial_shops, shop, shop, shop, nicolae_shop_real_fake_doors,
          gammafunk_ghost_cemetery
Shoals:4: shoals_end_simple, layout_shoals, nicolae_shoals_lost_giant_hut,
          nicolae_shop_clearance
Snake:1:  layout_gridlike, grunt_megastairs_3, minmay_shop_star,
          serial_bayou_shore_b
Snake:2:  layout_grid_maze, serial_shops, bzr_in_the_mist, uniq_azrael,
          uniq_jorgrun
Snake:3:  layout_honeycomb, grunt_ministairs_5, statue_in_the_mist_lemuel,
          nicolae_snake_salamander_zone, minmay_shoptagon, serial_bayou_shore_b,
          serial_bayou_shore_b, serial_bayou_shore_a, uniq_aizul,
          uniq_mlioglotl, uniq_agnes, uniq_vashnia
Snake:4:  grunt_snake_rune_pools, layout_misc_corridors, grunt_ministairs_12
Orc:1:    layout_diamond_mine
Orc:2:    grunt_orc_tribal_feast, layout_caves, serial_shops,
          nicolae_shop_advertising_works [nicolae_subvault_shop_adworks],
          nicolae_orc_sculptors_studio
Elf:1:    nicolae_elf_arrival_aired_out, layout_loops_cross,
          minmay_elf_necromancy, feat_on_display
Elf:2:    nicolae_elf_blades_splatter_lattice
          [nicolae_blade_entry_sentries_behind_glass], layout_rooms
Elf:3:    minmay_elf_hall_four_x, layout_loops_cross, serial_shops,
          nicolae_shop_tiny_waterfront, basic_altar, st_stairs_9,
          roderic_roman_lattice, minmay_shop_grove
Vaults:1: ontoclasm_vaults_hangar, nicolae_vaults_trapezoid_layered, v_rooms_1,
          vaults_standard_mumra_enter_the_diamond,
          nicolae_vaults_an_arrangement, v_misc_4, hangedman_vaults_capsules,
          nicolae_vaults_diamond_1, hangedman_vaults_nails,
          hangedman_vaults_stretched_pinwheel, v_misc_22, vaults_room_corners,
          layout_vaults_ring
Vaults:2: nicolae_vaults_windows_and_doors_thing, nicolae_vaults_cochlea,
          hangedman_vaults_snaps, vaults_room_door_ring, ontoclasm_vaults_idyll,
          nicolae_vaults_tangram_1, layout_vaults_quadrants, uniq_mennas
Vaults:3: v_alt_pattern_4, nicolae_vaults_closet_pinwheel_5,
          nicolae_vaults_holding_cells, hangedman_vaults_hat,
          minmay_crypt_entry_necro_gods, grunt_vaults_hallway_long,
          nicolae_vaults_trapezoid_layered, v_rooms_4,
          vaults_dpeg_emergency_exit, nicolae_vaults_house_2,
          nicolae_vaults_yaktaur_gun_rack, nicolae_vaults_wine_cellar,
          ontoclasm_vaults_loading_screen, layout_vaults_chaotic_city,
          uniq_asterion
Vaults:4: nicolae_vaults_twisting_passages, nicolae_vaults_closet_pinwheel_5,
          vaults_mumra_chevron, hangedman_vaults_pinch,
          hangedman_vaults_stagger, nicolae_vaults_doubleplus_tesselated,
          vaults_room_pool, st_more_cells, vaults_room_large_hall,
          nicolae_vaults_apartment_2, nicolae_vaults_little_squares_6,
          v_misc_18, nicolae_vaults_rhombus_6, layout_vaults_maze_snakey
Vaults:5: serial_shops
Depths:1: layout_forbidden_donut, lightli_too_deep, abyss_entry,
          hangedman_abyss_or_decor_clamps, evilmike_ambush
          [evilmike_ambush_outer_corners, evilmike_ambush_inner_pond],
          grunt_megastairs_4
Depths:2: kennysheep_four_of_diamonds, layout_gridlike,
          pf_hell_entry_tar_spiral, grunt_pan_entry_zigzag, solitary_fountain,
          chequers_serial_rivers_micro_e, hangedman_corner_corridor
Depths:3: wad_courtyard, layout_cave_pools, marbit_kobold_abyss_entry,
          hell_entry, nicolae_figureground_pulse, uniq_enchantress, uniq_parghit
Depths:4: grunt_zot_entry_funnels, layout_gridlike, enter_ziggurat_f,
          chequers_serial_rivers_room_a, hell_entry, grunt_megastairs_5
Zot:1:    evilmike_crystal_ball_defense, layout_basic
Zot:2:    layout_cellular_growth, chequers_guarded_unrand_mask_of_the_dragon
Zot:3:    layout_gridlike, zot_minivault_4
Zot:4:    layout_gridlike
Zot:5:    layout_twisted_circle, hangedman_zot_decor_unnerving_road

Skill      XL: |  1  2  3  4  5  6  7  8  9 10 11 12 13 14 15 16 17 18 19 20 21 22 23 24 25 26 |
---------------+-------------------------------------------------------------------------------+-----
Axes           | 3 4 5 6 7 9 11 12 14 16 17 18 20 | 20.0
Fighting       | 4 5 6 7 8 9 11 13 14 15 17 18 20 21 23 24 25 27 | 27.0
Armour         | 4 5 6 7 8 9 10 11 13 14 16 18 19 21 22 24 26 27 | 27.0
Shields        | 4 5 6 7 8 9 10 11 13 14 15 16 | 16.3
Invocations    | 2 4 6 8 9 10 11 12 13 | 13.0
Throwing       | 5 10 11 15 | 15.0
Evocations     | 2 8 10 | 10.0
Dodging        | 4 9 10 13 15 16 19 23 24 | 24.8

Action                     |  1- 3 |  4- 6 |  7- 9 | 10-12 | 13-15 | 16-18 | 19-21 | 22-24 | 25-27 || total
---------------------------+-------+-------+-------+-------+-------+-------+-------+-------+-------++-------
  Melee: War axe           |    73 |   136 |   305 |   341 |    48 |    16 |       |       |       ||   919
         Headbutt          |    10 |    16 |    39 |   108 |   132 |   287 |   370 |   522 |   215 ||  1699
         Broad axe         |       |       |       |   109 |   510 |  1238 |  1353 |  1556 |   651 ||  5417
  Throw: Dart              |       |       |       |     5 |       |       |       |       |       ||     5
         Javelin           |       |       |       |       |       |     1 |     6 |     8 |    76 ||    91
 Invoke: Heroism           |       |       |       |     3 |     3 |     7 |     5 |     6 |     5 ||    29
         Finesse           |       |       |       |       |     2 |     3 |     3 |     5 |     4 ||    17
         Duel              |       |       |       |       |     1 |       |     2 |       |       ||     3
  Evoke: Wand              |       |       |       |       |       |       |       |       |     1 ||     1
    Use: Scroll            |       |       |     6 |     8 |     9 |    18 |     2 |     3 |     4 ||    50
         Potion            |       |       |       |       |     3 |       |     8 |     4 |     1 ||    16
   Stab: Petrified         |       |       |       |       |       |       |     1 |       |       ||     1
         Confused          |       |       |       |       |       |       |       |     2 |     1 ||     3
 Armour: Scale mail        |     8 |       |       |       |       |       |       |       |       ||     8
         Plate armour      |    26 |    49 |   116 |    20 |       |   442 |   324 |   153 |       ||  1130
         Chain mail        |       |       |       |   158 |   140 |       |       |       |       ||   298
         Crystal plate arm |       |       |       |       |       |       |       |   302 |    55 ||   357
         Gold dragon scale |       |       |       |       |       |       |       |       |   156 ||   156
  Dodge: Dodged            |    25 |    87 |   149 |   290 |   149 |   422 |   237 |   372 |   193 ||  1924
  Block: Buckler           |    15 |    23 |    59 |   131 |    98 |   212 |       |       |       ||   538
         Tower shield      |       |       |       |       |       |   449 |  1002 |  1103 |   477 ||  3031
         Reflection        |       |       |       |       |       |    52 |    99 |    53 |     5 ||   209

Table legend: (Time is in decaauts)
 A = Elapsed time spent in this place.
 B = Non-inter-level travel time spent in this place.
 C = Inter-level travel time spent in this place.
 D = Time resting spent in this place.
 E = Time spent auto-exploring this place.
 F = Levels seen in this place.
 G = Mean time per level.
                   A        B        C        D        E       F      G
               +--------+--------+--------+--------+--------+-----+--------+
         Total |  50739 |  46102 |   4637 |   3307 |  32255 |  53 |  957.3 |
       Dungeon |  14210 |  12480 |   1730 |    408 |   9411 |  15 |  947.3 |
        Temple |    253 |    246 |      7 |      0 |    214 |   1 |  253.0 |
          Lair |   5777 |   5242 |    535 |    236 |   4073 |   5 | 1155.4 |
        Shoals |   3573 |   3274 |    299 |      2 |   2322 |   4 |  893.2 |
     Snake Pit |   5258 |   4720 |    538 |    670 |   2876 |   4 | 1314.5 |
  Orcish Mines |   2059 |   1586 |    473 |    367 |    878 |   2 | 1029.5 |
   Elven Halls |   2580 |   2421 |    159 |      0 |   1886 |   3 |  860.0 |
        Vaults |   5850 |   5572 |    278 |    106 |   4306 |   5 | 1170.0 |
        Depths |   3593 |   3359 |    234 |    121 |   2321 |   4 |  898.2 |
           Zot |   6463 |   6081 |    382 |   1397 |   3163 |   5 | 1292.6 |
        Bazaar |     37 |     37 |      0 |      0 |     22 |   1 |   37.0 |
         Sewer |   1036 |   1036 |      0 |      0 |    780 |   1 | 1036.0 |
         Arena |     43 |     43 |      0 |      0 |      0 |   3 |   14.3 |
               +--------+--------+--------+--------+--------+-----+--------+

Top non-repeatable levels by time:
   Zot:1: 2609 daAuts
 Snake:3: 1949 daAuts
  Lair:1: 1353 daAuts
    D:10: 1310 daAuts
Vaults:5: 1297 daAuts
   Zot:5: 1291 daAuts
Vaults:3: 1270 daAuts
    D:14: 1246 daAuts
Vaults:2: 1184 daAuts
  Lair:5: 1170 daAuts
Depths:4: 1137 daAuts
 Snake:2: 1114 daAuts
  Lair:3: 1110 daAuts
 Snake:4: 1105 daAuts
    D:15: 1101 daAuts
